 Dungeon Crawl Stone Soup version 0.26.0-16-gc1dbca0489 (webtiles) character file.

Game seed: 8693112849038052096

47 zcampers the Firebug (level 3, -1/21 HPs)
             Began as an Octopode Fire Elementalist on Jan 20, 2021.
             Killed from afar by Sigmund (8 damage)
             ... with a magic dart
             ... on level 2 of the Dungeon.
             The game lasted 00:05:47 (1642 turns).

zcampers the Firebug (Octopode Fire Elementalist)   Turns: 1642, Time: 00:05:47

Health: -1/21      AC:  1    Str:  7    XL:     3   Next: 70%
Magic:  2/6        EV: 13    Int: 18    God:
Gold:   64         SH:  0    Dex: 12    Spells: 2/6 levels left

rFire    . . .     SeeInvis .   d - +0 dagger
rCold    . . .     Faith    .   (no shield)
rNeg     . . .     Spirit   .   (helmet restricted)
rPois    .         Reflect  .   (no amulet)
rElec    .         Harm     .   (no ring)
rCorr    .         Rampage  .   (no ring)
Will     .....                  (no ring)
Stlth    +++.......             (no ring)
HPRegen  0.07/turn              (no ring)
MPRegen  0.10/turn              (no ring)
                                (no ring)
                                (no ring)

@: very slightly contaminated
A: almost no armour, stealthy swim, amphibious, 8 rings, constrict 8, camouflage
1, gelatinous body 1
a: no special abilities


You were on level 2 of the Dungeon.
You visited 1 branch of the dungeon, and saw 2 of its levels.

You collected 64 gold pieces.

Inventory:

Hand Weapons
 d - a +0 dagger (weapon)
Scrolls
 b - 2 scrolls of teleportation
 h - a scroll of immolation
Potions
 e - a potion of mutation {unknown}
 f - a potion of heal wounds {unknown}
 i - a potion of attraction {unknown}


   Skills:
 + Level 0.3 Fighting
 + Level 0.5 Short Blades
 + Level 2.3 Dodging
 + Level 3.0 Stealth
 + Level 2.1 Spellcasting
 + Level 1.4 Conjurations
 + Level 3.7 Fire Magic


You had 2 spell levels left.
You knew the following spells:

 Your Spells              Type           Power        Failure   Level
a - Foxfire               Conj/Fire      44%          6%          1
b - Conjure Flame         Conj/Fire      11%          19%         3

Your spell library contained the following spells:

 Spells                   Type           Power        Failure   Level
 Inner Flame              Hex/Fire       8%           26%         3
 Sticky Flame             Conj/Fire      11%          52%         4
 Fireball                 Conj/Fire      5%           86%         5


Dungeon Overview and Level Annotations

Branches:
Dungeon (2/15)

Altars:

Annotations:
D:2 Sigmund


Innate Abilities, Weirdness & Mutations

You cannot wear most types of armour.
You are very stealthy in the water. (Stealth+)
You are amphibious.
You can wear up to eight rings at the same time.
You can use your tentacles to constrict eight enemies at once.
Your skin changes colour to match your surroundings (Stealth+).
Your rubbery body absorbs attacks. (AC +1, EV +1)


Message History

You are very lightly contaminated with residual magic.
Nothing appears to happen.
The foxfire hits Sigmund.
Sigmund is lightly wounded.
Casting: Foxfire (safe; 6% risk of failure)
Confirm with . or Enter, or press ? or * to list all spells.
You conjure some foxfire!
Sigmund misses you.
Your foxfire dissipates!
The foxfire hits Sigmund.
Sigmund is moderately wounded.
Sigmund points at you and mumbles some strange words.
The magic dart hits you!
Casting: Foxfire (safe; 6% risk of failure)
Confirm with . or Enter, or press ? or * to list all spells.
You conjure some foxfire!
Your foxfire dissipates!
The foxfire hits Sigmund.
Sigmund is moderately wounded.
Sigmund gestures at you while chanting. The magic dart hits you!
You die...

. # . #.###.
###....#######.#
.......@..@....#
....##.#########
# #.# #<# #.#
#.########
#........######
########..†.).#
######.#


You could see Sigmund.

Vanquished Creatures
  A gnoll (D:1)
  3 dart slugs
  A leopard gecko (D:1)
  3 ball pythons
  2 giant cockroaches (D:1)
  4 hobgoblins
  5 bats
  A frilled lizard (D:1)
  5 goblins
  2 kobolds (D:1)
  5 rats
32 creatures vanquished.

Vanquished Creatures (collateral kills)
  A foxfire (D:1)
1 creature vanquished.

Vanquished Creatures (others)
  41 foxfires
41 creatures vanquished.

Grand Total: 74 creatures vanquished

Notes
Turn   | Place    | Note
-------+----------+-------------------------------------------
     0 | D:1      | zcampers the Octopode Fire Elementalist began the quest for
                  | the Orb.
     0 | D:1      | Reached XP level 1. HP: 11/11 MP: 3/3
   125 | D:1      | Reached XP level 2. HP: 10/17 MP: 3/5
   715 | D:1      | Reached XP level 3. HP: 21/21 MP: 3/6
  1280 | D:1      | Learned a level 3 spell: Conjure Flame
  1635 | D:2      | Noticed Sigmund
  1642 | D:2      | Killed from afar by Sigmund

Illustrated notes

Levels and vault maps discovered:
D:1:      scummos_arrival_checkerplants, layout_loops_corners, minivault_23
D:2:      layout_loops_ring, chequers_ecumenical_altar_grove, minmay_circle_x,
          uniq_sigmund, uniq_terence, uniq_jessica

Skill      XL: |  1  2 |
---------------+-------+-----
Stealth        | 3 |  3.0
Fighting       | |  0.3
Short Blades   | |  0.5
Dodging        | |  2.3
Spellcasting   | |  2.1
Conjurations   | |  1.4
Fire Magic     | |  3.7

Action                   || total
-------------------------++-------
Melee: Dagger            ||    48
       Constrict         ||    20
       Unarmed           ||     7
       Tentacles         ||     9
 Cast: Foxfire           ||    40
  Use: Scroll            ||     4
       Potion            ||     1
Armor: Skin              ||     3
Dodge: Dodged            ||    48
